 Dungeon Crawl Stone Soup version 0.22-a0-441-gcf5b0c6 (webtiles) character file.

259 galech the Skirmisher (level 6, -2/67 HPs)
             Began as an Ogre Berserker on May 30, 2018.
             Was a Believer of Trog.
             Killed by divine providence
             ... invoked by an orc priest
              (20 damage)
             ... on level 3 of the Dungeon.
             The game lasted 00:02:27 (2012 turns).

galech the Skirmisher (Ogre Berserker)              Turns: 2012, Time: 00:02:29

Health: -2/67      AC:  4    Str: 24    XL:     6   Next: 17%
Magic:  6/6        EV: 10    Int:  8    God:    Trog [**....]
Gold:   71         SH:  0    Dex:  8    Spells: 5/5 levels left

rFire    . . .     SeeInvis .   a - +0 mace
rCold    . . .     Gourm    .   (no shield)
rNeg     . . .     Faith    .   b - +0 animal skin
rPois    .         Spirit   .   (helmet restricted)
rElec    .         Reflect  .   i - +0 cloak
rCorr    .         Harm     +   (gloves unavailable)
MR       .....                  (boots unavailable)
Stlth    +.........             o - amulet of harm
HPRegen  0.21/turn              (no ring)
MPRegen  0.10/turn              (no ring)

@: no status effects
A: large, unfitting armour, tough skin 1
a: Berserk, Trog's Hand, Renounce Religion


You were on level 3 of the Dungeon.
You worshipped Trog.
Trog was pleased with you.
You were hungry.

You visited 1 branch of the dungeon, and saw 3 of its levels.

You collected 71 gold pieces.

Inventory:

Hand Weapons
 a - a +0 mace (weapon)
Armour
 b - a +0 animal skin (worn)
 i - a +0 cloak (worn)
Jewellery
 o - an amulet of harm (around neck)
Scrolls
 e - 2 scrolls of remove curse {unknown}
 g - a scroll of fog {unknown}
 j - a scroll of teleportation {unknown}
Potions
 d - 2 potions of haste {unknown}
 h - a potion of magic {unknown}
 k - 2 potions of brilliance {unknown}
 l - 2 potions of lignification {unknown}
 m - a potion of degeneration {unknown}
 n - 2 potions of cancellation {unknown}
 p - a potion of agility {unknown}
Comestibles
 c - 2 rations
 f - 6 chunks of flesh


   Skills:
 + Level 5.8 Fighting
 + Level 4.6 Maces & Flails
 + Level 3.6 Dodging


You had 5 spell levels left.
You didn't know any spells.
Your spell library was empty.

Dungeon Overview and Level Annotations

Branches:
Dungeon (3/15)

Altars:
Gozag
Uskayaw
Yredelemnul


Innate Abilities, Weirdness & Mutations

You are too large for most types of armour.
You have tough skin. (AC +1)


Message History

You hit the orc priest but do no damage.
The orc priest is moderately wounded.
The orc priest hits you with a dagger.
You hit the orc priest.
The orc priest is moderately wounded.
The orc priest hits you with a dagger.
You hit the orc priest.
The orc priest is heavily wounded.
The orc priest closely misses you.
You closely miss the orc priest.
The orc priest is heavily wounded.
The orc priest barely misses you.
You barely miss the orc priest.
The orc priest is heavily wounded.
The orc priest invokes the aid of Beogh against you.
Beogh smites you!
* * * LOW HITPOINT WARNING * * *
The orc priest calls down the wrath of Beogh upon you.
Beogh smites you!
You die...

#####...รท...#
....##.##
#.......####........#
#.####..#...........#
#.##.......##.......#
#.##.#..##.#.........
#.......##.#......?.#
#.......###.........#
####.#### ##........#
#.. #@[%.##### #.#
#o#### #. ...! #
#..... #.....#
#.....# #.....#
#######


You could see an orc priest.

Vanquished Creatures
  Sigmund (D:2)
  5 adders
  An ooze (D:2)
  3 worms
  A dart slug (D:1)
  A leopard gecko (D:3)
  4 orcs (D:3)
  4 goblins
  5 hobgoblins (D:1)
  2 jackals (D:3)
  A ball python (D:2)
  7 bats
  2 frilled lizards
  A kobold (D:1)
  5 rats
43 creatures vanquished.

Notes
Turn   | Place    | Note
-------+----------+-------------------------------------------
     0 | D:1      | galech the Ogre Berserker began the quest for the Orb.
     0 | D:1      | Reached XP level 1. HP: 24/24 MP: 1/1
   234 | D:1      | Reached XP level 2. HP: 25/32 MP: 2/2
   712 | D:2      | Reached XP level 3. HP: 18/40 MP: 3/3
   991 | D:2      | Found a hide-covered altar of Uskayaw.
   992 | D:2      | Found a basalt altar of Yredelemnul.
  1159 | D:2      | Noticed Sigmund
  1168 | D:2      | Killed Sigmund
  1168 | D:2      | Reached skill level 5 in Fighting
  1168 | D:2      | Reached XP level 4. HP: 38/50 MP: 4/4
  1168 | D:2      | Reached XP level 5. HP: 43/57 MP: 5/5
  1173 | D:2      | Found an opulent altar of Gozag.
  1434 | D:2      | Reached ** piety under Trog
  1589 | D:2      | Reached XP level 6. HP: 57/66 MP: 6/6
  2012 | D:3      | Killed from afar by an orc priest

Vault maps used:
D:1:      lemuel_arrival_hallway, hex_tiny
D:2:      nicolae_overflow_hidden_temple, minitemple, uniq_sigmund

Skill      XL: |  1  2  3 |
---------------+----------+-----
Maces & Flails | 3 4 |  4.6
Dodging        | 3 |  3.6
Fighting       | 5 |  5.8

Action                   |  1- 3 |  4- 6 || total
-------------------------+-------+-------++-------
Melee: Mace              |    62 |    77 ||   139
Invok: Berserk           |     1 |       ||     1
  Eat: Chunk             |     1 |     3 ||     4
Armor: Animal skin       |    15 |    13 ||    28
Dodge: Dodged            |    31 |    42 ||    73

Table legend:
 A = Spawn XP
 B = Non-spawn XP
 C = Spawn XP percentage of total XP
 D = Spawn monster count
 E = Non-spawn monster count
 F = Spawn count percentage of total count
 G = Total turns spent on level
                    A         B        C        D         E        F      G
               +---------+---------+-------+---------+---------+-------+---------
         Total |       0 |     371 |   0.0 |       0 |      43 |   0.0 |  2012
               +---------+---------+-------+---------+---------+-------+---------
           D:1 |       0 |      26 |   0.0 |       0 |      15 |   0.0 |   677
           D:2 |       0 |     306 |   0.0 |       0 |      17 |   0.0 |  1183
           D:3 |       0 |      39 |   0.0 |       0 |      11 |   0.0 |   152
               +---------+---------+-------+---------+---------+-------+---------
